 Dungeon Crawl Stone Soup version 0.30-a0-1074-g5db6f66fbb (webtiles) character file.

Game seed: 11264669373466240470

16 KristoblXynda the Slasher (level 2, 0/25 HPs)
             Began as a Draconian Gladiator on Apr 14, 2023.
             Succumbed to an adder's poison
             ... on level 1 of the Dungeon.
             The game lasted 00:00:42 (545 turns).

KristoblXynda the Slasher (Draconian Gladiator)      Turns: 545, Time: 00:00:42

Health: 0/25       AC:  4    Str: 16    XL:     2   Next: 41%
Magic:  2/2        EV: 12    Int:  8    God:
Gold:   41         SH:  0    Dex: 12    Spells: 1/1 levels left

rFire   . . .      SeeInvis .    a - +0 long sword
rCold   . . .      Faith    .    (no shield)
rNeg    . . .      Spirit   .    (body armour unavailable)
rPois   .          Reflect  .    b - +0 hat
rElec   .          Rampage  .    (no cloak)
rCorr   .                        (no gloves)
Will    .....                    (no boots)
Stlth   +                        (no amulet)
HPRegen 0.24/turn                (no ring)
MPRegen 0.08/turn                (no ring)

@: lethally poisoned (0 -> -7)
A: AC +4, unfitting armour, cold-blooded
a: no special abilities


You were on level 1 of the Dungeon.
You visited 1 branch of the dungeon, and saw 2 of its levels.

You collected 41 gold pieces.

Inventory:

Hand Weapons
 a - a +0 long sword (weapon)
Missiles
 c - 3 throwing nets (quivered)
 d - a javelin
Armour
 b - a +0 hat (worn)
Scrolls
 e - a scroll of blinking {unknown}
Potions
 f - a potion of degeneration {unknown}


   Skills:
 + Level 2.5 Fighting
 * Level 3.3 Long Blades
 - Level 2.0 Throwing
 + Level 2.9 Dodging


You had one spell level left.
You didn't know any spells.
Your spell library was empty.

Dungeon Overview and Level Annotations

Branches:
Dungeon (2/15)

Altars:

Shops:
D:1 *


Innate Abilities, Weirdness & Mutations

Your plain brown scales are hard. (AC +4)
You cannot fit into any form of body armour.
You are cold-blooded and may be slowed by cold attacks.


Message History

You escape the ball python's grasp.
The kobold barely misses you. The adder barely misses you.
The ball python bites you but does no damage.
The ball python grabs you.
You stop ascending the stairs.
The ball python constricts you.
Unknown command.
Unknown command.
You escape the ball python's grasp.
The kobold hits you with a +0 club.
* * * LOW HITPOINT WARNING * * *
The adder bites you but does no damage.
You climb upwards.
There is a stone staircase leading down here.
The adder attacks as you move away! The adder misses you.
The ball python closely misses you. The ball python grabs you.
The ball python constricts you. The ball python loses its grip on you.
The adder attacks as you move away! The adder barely misses you.
The kobold throws a stone.
The stone closely misses you. The adder barely misses you.
There is an open door here.
You miss the adder.
The adder is moderately wounded.
The adder barely misses you.
You hit the adder.
The adder is heavily wounded.
The adder bites you but does no damage. The adder bites you.
* * * LOW HITPOINT WARNING * * *
Unknown command.
You closely miss the adder.
Your tail-slap misses the adder.
The adder is heavily wounded.
The adder misses you. The adder bites you.
* * * LOW HITPOINT WARNING * * *
You hit the adder.
The adder is severely wounded.
The adder bites you.
* * * LOW HITPOINT WARNING * * *
You are lethally poisoned!
The adder poisons you!
You hit the adder.
The adder is almost dead.
You die...

#...............#
#...............######
#...............##....
###...............##....
#.........##########....
#...>.....)........'....
######.....######.....###....
#.........S######.....# #....
#.........KS@...#.....# #####
#..........####.#.....# #####
#.......#### #.#.....# #....
#.......# #.#.....# #....
######### #.#.....# #....
#.###..## #.... ###...##.#
#.... #.....##.# #..##
#####.....##.## #..#.


You could see an adder, a ball python and a kobold.

Vanquished Creatures
  A bat (D:1)
  2 endoplasms (D:1)
  A giant cockroach (D:1)
  A goblin (D:1)
  2 hobgoblins (D:1)
  4 jackals (D:1)
  A frilled lizard (D:1)
  A kobold (D:1)
13 creatures vanquished.

Notes
Turn   | Place    | Note
-------+----------+-------------------------------------------
     0 | D:1      | KristoblXynda the Draconian Gladiator began the quest for
                  | the Orb.
     0 | D:1      | Reached XP level 1. HP: 17/17 MP: 1/1
    93 | D:1      | Found Zejuateatz's General Store.
   278 | D:1      | Reached XP level 2. HP: 25/25 MP: 2/2
   544 | D:1      | HP: 1/25 [adder (3)]
   545 | D:1      | Succumbed to an adder's poison

Illustrated notes

Levels and vault maps discovered:
D:1:      minmay_arrival_three_doors, layout_basic, serial_shops, shop,
          chequers_serial_rivers_micro_b
D:2:      layout_rooms, serial_shops, nicolae_square_shop

Skill      XL: |  1 |
---------------+----+-----
Throwing       | 2 |  2.0
Fighting       | |  2.5
Long Blades    | |  3.3
Dodging        | |  2.9

Action                     || total
---------------------------++-------
  Melee: Long sword        ||    50
         Tailslap          ||     2
         Punch             ||     1
   Stab: Sleeping          ||     1
 Armour: Skin              ||    32
  Dodge: Dodged            ||    60

Table legend: (Time is in decaauts)
 A = Elapsed time spent in this place.
 B = Non-inter-level travel time spent in this place.
 C = Inter-level travel time spent in this place.
 D = Time resting spent in this place.
 E = Time spent auto-exploring this place.
 F = Levels seen in this place.
 G = Mean time per level.
                   A        B        C        D        E       F      G
               +--------+--------+--------+--------+--------+-----+--------+
         Total |    558 |    551 |      7 |     14 |    420 |   2 |  279.0 |
       Dungeon |    558 |    551 |      7 |     14 |    420 |   2 |  279.0 |
               +--------+--------+--------+--------+--------+-----+--------+

Top non-repeatable levels by time:
     D:1: 542 daAuts
     D:2: 16 daAuts
